General information
- name: BNet
- type: Ladder team game (AT/RT)
- host: Battle.net
- saver: iNT]DOGANDHORSE
map: Friends
- players: 8
- length: 85:03
- speed: Fast
- version: 1.26 W3XP
- replay type:

» download(1000 KB)
Players
team 1 (loser)
MiniioN (
teal | 91 APM | 7770 actions | 85:02)
7 Death Knight
3 Death Coil
3 Unholy Aura
1 Animate Dead
6 Lich
3 Frost Nova
2 Frost Armor
1 Death and Decay
1 Dreadlord
1 Carrion Swarm
» actions
| Assign group hotkey | 389 | |
| Basic commands | 27 | |
| Build / train | 128 | |
| ESC pressed | 2 | |
| Enter build submenu | 45 | |
| Enter hero's abilities submenu | 14 | |
| Give item / drop item | 7 | |
| Remove unit from queue | 1 | |
| Right click | 4444 | |
| Select / deselect | 709 | |
| Select group hotkey | 1772 | |
| Use ability | 232 | |
7770 total
» units
| Acolyte | 19 | |
| Ghoul | 4 | |
| Crypt Fiend | 4 | |
| Frost Wyrm | 34 | |
| Peon | 8 | |
69 total
» upgrades
| Web | 1 | |
| Freezing Breath | 1 | |
| Creature Attack | 3 | |
| Creature Carapace | 3 | |
8 total
» buildings
| Graveyard | 1 | |
| Crypt | 1 | |
| Halls of the Dead | 4 | |
| Ziggurat | 26 | |
| Altar of Darkness | 1 | |
| Tomb of Relics | 1 | |
| Nerubian Tower | 2 | |
| Black Citadel | 1 | |
| Sacrificial Pit | 1 | |
| Boneyard | 3 | |
| Spirit Tower | 3 | |
| Necropolis | 12 | |
| Tree of Life | 5 | |
61 total
» build order
00:18 Graveyard
00:40 Crypt
00:47 Halls of the Dead
00:47 Halls of the Dead
01:10 Ziggurat
01:29 Altar of Darkness
01:46 Tomb of Relics
02:01 Nerubian Tower
02:06 Ziggurat
02:17 Ziggurat
03:08 Black Citadel
03:25 Sacrificial Pit
03:34 Ziggurat
04:03 Ziggurat
05:11 Nerubian Tower
05:31 Boneyard
05:36 Boneyard
05:37 Boneyard
06:22 Ziggurat
06:24 Ziggurat
07:02 Ziggurat
11:48 Ziggurat
14:27 Spirit Tower
14:51 Spirit Tower
39:45 Necropolis
67:52 Necropolis
68:44 Necropolis
72:53 Necropolis
73:24 Tree of Life
73:41 Tree of Life
77:29 Spirit Tower
77:41 Ziggurat
77:46 Ziggurat
77:50 Ziggurat
77:51 Ziggurat
77:52 Ziggurat
77:56 Ziggurat
77:57 Ziggurat
77:57 Ziggurat
77:59 Ziggurat
78:01 Ziggurat
78:02 Ziggurat
78:03 Ziggurat
78:04 Ziggurat
78:05 Ziggurat
78:06 Ziggurat
78:08 Ziggurat
78:09 Ziggurat
79:25 Tree of Life
79:32 Tree of Life
79:36 Tree of Life
79:39 Necropolis
79:44 Necropolis
79:55 Necropolis
80:06 Necropolis
80:10 Necropolis
80:18 Necropolis
80:40 Necropolis
81:07 Necropolis
82:58 Halls of the Dead
» items
| Rod of Necromancy | 3 | |
| Dust of Appearance | 2 | |
| Orb of Corruption | 2 | |
| Potion of Healing | 6 | |
| Potion of Mana | 5 | |
| Healing Salve | 2 | |
| Orb of Lightning | 1 | |
| Belt of Giant Strength +6 | 1 | |
| Robe of the Magi +6 | 1 | |
23 total
one.more.lose (
green | 86 APM | 5853 actions | 67:40)
5 Demon Hunter
3 Mana Burn
2 Evasion
5 Keeper of the Grove
3 Entangling Roots
2 Thorns Aura
» actions
| Assign group hotkey | 9 | |
| Basic commands | 356 | |
| Build / train | 93 | |
| ESC pressed | 5 | |
| Enter build submenu | 25 | |
| Enter hero's abilities submenu | 9 | |
| Give item / drop item | 2 | |
| Right click | 3796 | |
| Select / deselect | 573 | |
| Select group hotkey | 799 | |
| Use ability | 186 | |
5853 total
» units
| Wisp | 18 | |
| Chimaera | 8 | |
| Glaive Thrower | 12 | |
38 total
» upgrades
| Corrosive Breath | 1 | |
| Strength of the Wild | 2 | |
| Vorpal Blades | 1 | |
4 total
» buildings
| Altar of Elders | 2 | |
| Moon Well | 15 | |
| Tree of Ages | 6 | |
| Tree of Eternity | 7 | |
| Ancient of Wind | 2 | |
| Tree of Life | 1 | |
| Ancient of War | 2 | |
| Hunter's Hall | 1 | |
| Chimaera Roost | 2 | |
38 total
» build order
00:25 Altar of Elders
00:31 Moon Well
04:37 Moon Well
07:25 Moon Well
09:41 Tree of Ages
10:34 Moon Well
12:59 Tree of Eternity
12:59 Tree of Eternity
13:03 Ancient of Wind
16:47 Tree of Life
21:05 Altar of Elders
31:18 Moon Well
32:33 Moon Well
32:35 Moon Well
32:36 Moon Well
32:40 Moon Well
32:41 Moon Well
32:45 Tree of Ages
32:46 Tree of Ages
32:46 Tree of Ages
32:52 Ancient of War
33:00 Ancient of War
37:25 Tree of Eternity
37:25 Tree of Eternity
37:26 Tree of Eternity
39:12 Moon Well
39:15 Moon Well
39:16 Moon Well
44:06 Ancient of Wind
44:48 Hunter's Hall
45:49 Chimaera Roost
45:56 Chimaera Roost
65:45 Moon Well
65:48 Moon Well
» items
| Rod of Necromancy | 1 | |
| Orb of Corruption | 1 | |
| Healing Salve | 1 | |
| Lesser Clarity Potion | 2 | |
| Potion of Healing | 5 | |
| Orb of Lightning | 1 | |
| Potion of Mana | 2 | |
| Potion of Divinity | 1 | |
14 total
SeeMyHaPPySKILL (
purple | 87 APM | 5918 actions | 67:50)
5 Blademaster
2 Wind Walk
3 Critical Strike
4 Shadow Hunter
2 Healing Wave
2 Hex
» actions
| Assign group hotkey | 58 | |
| Basic commands | 384 | |
| Build / train | 176 | |
| ESC pressed | 1 | |
| Enter build submenu | 34 | |
| Enter hero's abilities submenu | 9 | |
| Give item / drop item | 1 | |
| Right click | 2576 | |
| Select / deselect | 1359 | |
| Select group hotkey | 1137 | |
| Use ability | 183 | |
5918 total
» units
| Peon | 24 | |
| Grunt | 3 | |
| Demolisher | 58 | |
| Troll Headhunter/Berserker | 1 | |
| Goblin Shredder | 1 | |
| Shaman | 21 | |
| Troll Witch Doctor | 19 | |
127 total
» upgrades
| Witch Doctor Training | 2 | |
| Shaman Training | 2 | |
| Ranged Weapons | 3 | |
| Reinforced Defenses | 1 | |
| Burning Oil | 1 | |
| Armor | 3 | |
| Spiked Barricades | 1 | |
13 total
» buildings
| Altar of Storms | 1 | |
| Orc Burrow | 12 | |
| Voodoo Lounge | 4 | |
| War Mill | 3 | |
| Barracks | 2 | |
| Stronghold | 1 | |
| Watch Tower | 3 | |
| Fortress | 1 | |
| Spirit Lodge | 2 | |
| Great Hall | 4 | |
33 total
» build order
00:10 Altar of Storms
00:20 Orc Burrow
00:39 Voodoo Lounge
01:14 War Mill
01:56 Barracks
02:23 Orc Burrow
03:17 Stronghold
04:10 Watch Tower
04:44 Watch Tower
05:06 Orc Burrow
05:55 Fortress
05:58 Watch Tower
06:19 Spirit Lodge
06:50 Spirit Lodge
07:57 War Mill
08:08 Orc Burrow
12:12 Orc Burrow
12:18 Orc Burrow
23:44 Great Hall
25:04 Great Hall
26:51 Orc Burrow
27:26 Orc Burrow
29:51 Voodoo Lounge
31:37 War Mill
40:10 Great Hall
50:50 Voodoo Lounge
51:56 Voodoo Lounge
57:49 Barracks
61:07 Orc Burrow
61:16 Orc Burrow
62:53 Great Hall
63:18 Orc Burrow
63:21 Orc Burrow
» items
| Healing Salve | 4 | |
| Lesser Clarity Potion | 7 | |
| Orb of Lightning | 1 | |
| Potion of Healing | 9 | |
| Potion of Mana | 2 | |
23 total
TheLasTGrunt (
red | 240 APM | 16215 actions | 67:40)
7 Death Knight
3 Death Coil
3 Unholy Aura
1 Animate Dead
5 Lich
3 Frost Nova
2 Dark Ritual
5 Dark Ranger
3 Silence
2 Black Arrow
» actions
| Assign group hotkey | 90 | |
| Basic commands | 77 | |
| Build / train | 121 | |
| Enter build submenu | 17 | |
| Enter hero's abilities submenu | 18 | |
| Right click | 5995 | |
| Select / deselect | 2042 | |
| Select group hotkey | 7490 | |
| Use ability | 365 | |
16215 total
» units
| Acolyte | 6 | |
| Ghoul | 5 | |
| Crypt Fiend | 36 | |
| Obsidian Statue | 14 | |
| Goblin Sapper | 3 | |
64 total
» upgrades
| Burrow | 1 | |
| Web | 1 | |
| Destroyer Form | 1 | |
| Creature Attack | 3 | |
| Creature Carapace | 3 | |
9 total
» buildings
| Graveyard | 1 | |
| Crypt | 1 | |
| Altar of Darkness | 1 | |
| Ziggurat | 9 | |
| Tomb of Relics | 1 | |
| Nerubian Tower | 4 | |
| Halls of the Dead | 1 | |
| Slaughterhouse | 1 | |
| Black Citadel | 1 | |
| Spirit Tower | 1 | |
| Necropolis | 1 | |
22 total
» build order
00:07 Graveyard
00:09 Crypt
00:44 Altar of Darkness
01:01 Ziggurat
01:32 Tomb of Relics
02:05 Ziggurat
02:15 Nerubian Tower
02:15 Nerubian Tower
02:15 Nerubian Tower
04:22 Halls of the Dead
04:36 Ziggurat
05:48 Nerubian Tower
07:00 Slaughterhouse
07:00 Black Citadel
07:20 Ziggurat
12:23 Ziggurat
14:42 Spirit Tower
18:36 Ziggurat
18:36 Ziggurat
28:30 Ziggurat
62:32 Necropolis
» items
| Rod of Necromancy | 3 | |
| Orb of Corruption | 1 | |
| Dust of Appearance | 1 | |
| Potion of Healing | 1 | |
| Potion of Mana | 2 | |
| Scroll of Town Portal | 1 | |
| Lesser Clarity Potion | 1 | |
10 total
team 2 (winner)
AlasPoorYorick (
blue | 149 APM | 6677 actions | 44:54)
4 Warden
2 Shadow Strike
2 Blink
4 Goblin Alchemist
2 Chemical Rage
2 Acid Bomb
2 Keeper of the Grove
1 Entangling Roots
1 Thorns Aura
» actions
| Assign group hotkey | 5 | |
| Basic commands | 213 | |
| Build / train | 100 | |
| ESC pressed | 2 | |
| Enter build submenu | 31 | |
| Enter hero's abilities submenu | 11 | |
| Right click | 3652 | |
| Select / deselect | 406 | |
| Select group hotkey | 2057 | |
| Use ability | 199 | |
6677 total
» units
» upgrades
| Nature's Blessing | 1 | |
| Ultravision | 1 | |
| Well Spring | 1 | |
3 total
» buildings
| Altar of Elders | 3 | |
| Moon Well | 18 | |
| Tree of Life | 4 | |
| Tree of Ages | 1 | |
| Ancient of Wonders | 3 | |
| Hunter's Hall | 1 | |
| Tree of Eternity | 1 | |
31 total
» build order
00:05 Altar of Elders
00:21 Moon Well
01:38 Moon Well
04:51 Moon Well
05:25 Tree of Life
06:11 Tree of Ages
06:16 Ancient of Wonders
08:38 Moon Well
10:37 Altar of Elders
12:08 Moon Well
15:07 Tree of Life
15:11 Moon Well
15:13 Moon Well
15:27 Ancient of Wonders
16:02 Hunter's Hall
17:44 Moon Well
20:52 Tree of Eternity
23:22 Moon Well
23:24 Moon Well
24:29 Moon Well
24:31 Moon Well
26:34 Moon Well
26:35 Moon Well
27:57 Moon Well
27:59 Moon Well
28:34 Moon Well
28:36 Moon Well
30:53 Tree of Life
35:12 Altar of Elders
40:58 Tree of Life
41:12 Ancient of Wonders
» items
| Scroll of Speed | 1 | |
| Sobi Mask | 3 | |
| Runed Bracers | 2 | |
| Orb of Lightning | 2 | |
| Alleria's Flute of Accuracy | 1 | |
| Robe of the Magi +6 | 1 | |
10 total
backintheUSSR (
yellow | 126 APM | 10699 actions | 85:02)
7 Archmage
3 Blizzard
3 Brilliance Aura
1 Mass Teleport
6 Mountain King
3 Storm Bolt
2 Bash
1 Avatar
6 Paladin
3 Holy Light
3 Divine Shield
» actions
| Assign group hotkey | 10 | |
| Basic commands | 105 | |
| Build / train | 448 | |
| ESC pressed | 2 | |
| Enter build submenu | 365 | |
| Enter hero's abilities submenu | 19 | |
| Give item / drop item | 17 | |
| Right click | 4545 | |
| Select / deselect | 1149 | |
| Select group hotkey | 2710 | |
| Use ability | 1329 | |
10699 total
» units
» upgrades
| Masonry | 3 | |
| Lumber Harvesting | 2 | |
| Magic Sentry | 1 | |
| Armor | 3 | |
| Cloud | 1 | |
| Swords | 2 | |
| Strength of the Wild | 3 | |
| Reinforced Hides | 2 | |
17 total
» buildings
| Altar of Kings | 2 | |
| Farm | 4 | |
| Lumber Mill | 6 | |
| Scout Tower | 831 | |
| Arcane Tower | 21 | |
| Guard Tower | 328 | |
| Keep | 1 | |
| Arcane Sanctum | 1 | |
| Castle | 1 | |
| Town Hall | 3 | |
| Arcane Vault | 3 | |
| Blacksmith | 1 | |
| Gryphon Aviary | 1 | |
| Ancient of Wind | 2 | |
1205 total
» build order
00:05 Altar of Kings
00:08 Farm
00:38 Lumber Mill
00:44 Scout Tower
01:16 Farm
01:21 Arcane Tower
01:25 Scout Tower
01:40 Scout Tower
01:42 Scout Tower
01:53 Arcane Tower
01:54 Arcane Tower
01:54 Arcane Tower
01:56 Scout Tower
02:13 Scout Tower
02:18 Scout Tower
02:22 Arcane Tower
02:23 Guard Tower
02:32 Guard Tower
02:32 Guard Tower
02:52 Guard Tower
02:54 Guard Tower
02:55 Scout Tower
02:58 Scout Tower
02:59 Scout Tower
03:02 Scout Tower
03:05 Scout Tower
03:23 Guard Tower
03:25 Scout Tower
03:25 Scout Tower
03:28 Guard Tower
03:32 Scout Tower
03:36 Scout Tower
03:38 Guard Tower
03:40 Guard Tower
03:43 Scout Tower
04:20 Guard Tower
04:21 Scout Tower
04:22 Scout Tower
04:26 Guard Tower
04:27 Guard Tower
04:30 Scout Tower
04:32 Guard Tower
04:34 Scout Tower
04:41 Scout Tower
04:41 Scout Tower
04:41 Scout Tower
04:44 Keep
04:49 Guard Tower
04:49 Guard Tower
04:59 Guard Tower
05:01 Scout Tower
05:01 Scout Tower
05:17 Guard Tower
05:18 Scout Tower
05:19 Scout Tower
05:20 Scout Tower
06:04 Guard Tower
06:05 Scout Tower
06:06 Scout Tower
06:07 Scout Tower
06:08 Scout Tower
06:10 Scout Tower
06:12 Scout Tower
06:12 Scout Tower
06:15 Guard Tower
06:17 Scout Tower
06:18 Scout Tower
06:37 Scout Tower
06:38 Scout Tower
06:43 Guard Tower
06:45 Scout Tower
06:45 Scout Tower
06:46 Scout Tower
06:47 Scout Tower
06:47 Scout Tower
06:53 Guard Tower
07:00 Scout Tower
07:00 Scout Tower
07:06 Scout Tower
07:11 Scout Tower
07:14 Guard Tower
07:17 Guard Tower
07:19 Arcane Sanctum
07:20 Castle
07:28 Farm
07:35 Guard Tower
07:46 Guard Tower
07:53 Guard Tower
08:08 Arcane Tower
08:09 Arcane Tower
08:12 Scout Tower
08:13 Scout Tower
08:13 Scout Tower
08:28 Guard Tower
08:37 Scout Tower
08:38 Scout Tower
08:40 Scout Tower
08:45 Guard Tower
09:28 Guard Tower
09:31 Scout Tower
09:31 Scout Tower
09:32 Scout Tower
09:33 Scout Tower
09:33 Guard Tower
10:04 Guard Tower
10:06 Scout Tower
10:06 Scout Tower
10:07 Scout Tower
10:08 Arcane Tower
10:26 Farm
10:32 Guard Tower
10:34 Scout Tower
10:34 Scout Tower
10:36 Arcane Tower
11:07 Guard Tower
11:09 Scout Tower
11:10 Scout Tower
11:10 Scout Tower
11:11 Scout Tower
11:26 Guard Tower
11:38 Guard Tower
11:40 Scout Tower
11:40 Scout Tower
11:41 Scout Tower
11:42 Scout Tower
11:42 Scout Tower
11:43 Scout Tower
12:07 Town Hall
12:22 Scout Tower
12:23 Scout Tower
12:23 Scout Tower
12:24 Scout Tower
12:25 Scout Tower
12:25 Scout Tower
12:27 Scout Tower
12:27 Scout Tower
12:36 Arcane Vault
12:37 Arcane Vault
12:39 Arcane Vault
12:43 Scout Tower
12:44 Scout Tower
12:45 Scout Tower
12:45 Scout Tower
13:28 Guard Tower
13:34 Arcane Tower
14:08 Guard Tower
14:09 Scout Tower
14:10 Scout Tower
14:11 Scout Tower
14:11 Scout Tower
14:12 Scout Tower
14:13 Scout Tower
14:17 Guard Tower
14:18 Guard Tower
14:19 Scout Tower
14:30 Scout Tower
14:33 Guard Tower
14:34 Scout Tower
14:35 Scout Tower
14:46 Guard Tower
15:04 Scout Tower
15:05 Scout Tower
15:06 Arcane Tower
15:07 Arcane Tower
15:10 Scout Tower
15:10 Scout Tower
15:22 Guard Tower
15:41 Guard Tower
16:08 Guard Tower
16:08 Guard Tower
16:09 Guard Tower
16:09 Guard Tower
16:10 Guard Tower
16:10 Guard Tower
16:14 Guard Tower
16:48 Scout Tower
16:49 Scout Tower
16:49 Scout Tower
16:50 Scout Tower
17:53 Scout Tower
17:54 Scout Tower
17:54 Scout Tower
17:55 Scout Tower
17:57 Guard Tower
17:58 Scout Tower
17:59 Scout Tower
18:00 Scout Tower
18:00 Scout Tower
18:01 Scout Tower
18:01 Scout Tower
18:02 Scout Tower
18:03 Scout Tower
18:25 Guard Tower
18:31 Guard Tower
18:31 Guard Tower
18:31 Guard Tower
18:31 Guard Tower
18:36 Guard Tower
18:37 Scout Tower
18:38 Scout Tower
18:39 Scout Tower
18:39 Scout Tower
18:40 Scout Tower
18:41 Scout Tower
18:41 Scout Tower
18:42 Scout Tower
18:47 Scout Tower
18:47 Scout Tower
18:48 Scout Tower
18:48 Scout Tower
19:00 Guard Tower
19:29 Guard Tower
19:31 Blacksmith
19:35 Guard Tower
20:03 Guard Tower
20:05 Scout Tower
20:05 Scout Tower
20:06 Scout Tower
20:07 Scout Tower
20:07 Scout Tower
20:08 Scout Tower
21:11 Guard Tower
21:13 Guard Tower
21:14 Scout Tower
21:15 Scout Tower
21:16 Scout Tower
21:46 Guard Tower
21:47 Scout Tower
21:47 Scout Tower
21:49 Scout Tower
21:49 Scout Tower
22:02 Guard Tower
22:06 Guard Tower
22:09 Guard Tower
22:31 Gryphon Aviary
22:42 Guard Tower
22:47 Scout Tower
22:47 Scout Tower
22:49 Scout Tower
22:49 Scout Tower
22:50 Scout Tower
22:51 Scout Tower
22:52 Guard Tower
22:56 Scout Tower
22:56 Scout Tower
22:57 Scout Tower
22:58 Scout Tower
22:58 Scout Tower
22:59 Scout Tower
22:59 Scout Tower
23:00 Scout Tower
23:52 Guard Tower
23:53 Guard Tower
23:54 Guard Tower
23:56 Scout Tower
23:57 Scout Tower
23:58 Scout Tower
23:58 Scout Tower
24:08 Guard Tower
24:10 Scout Tower
24:10 Scout Tower
24:11 Scout Tower
24:11 Scout Tower
24:12 Scout Tower
24:12 Scout Tower
24:15 Guard Tower
24:34 Guard Tower
24:57 Guard Tower
25:24 Guard Tower
25:24 Guard Tower
25:27 Scout Tower
25:27 Scout Tower
25:28 Scout Tower
25:29 Scout Tower
25:29 Scout Tower
25:30 Scout Tower
25:31 Scout Tower
25:33 Scout Tower
26:16 Guard Tower
26:33 Guard Tower
26:37 Scout Tower
26:38 Scout Tower
26:40 Scout Tower
26:40 Scout Tower
26:41 Scout Tower
26:41 Scout Tower
26:42 Scout Tower
26:43 Scout Tower
26:44 Scout Tower
26:44 Scout Tower
26:55 Guard Tower
27:35 Guard Tower
27:53 Guard Tower
27:55 Scout Tower
27:56 Scout Tower
27:56 Scout Tower
27:57 Scout Tower
27:58 Scout Tower
27:58 Scout Tower
28:24 Guard Tower
28:36 Scout Tower
28:37 Scout Tower
28:37 Scout Tower
28:37 Scout Tower
28:38 Scout Tower
28:38 Scout Tower
28:39 Scout Tower
28:39 Scout Tower
28:40 Scout Tower
28:43 Guard Tower
28:44 Scout Tower
28:45 Scout Tower
28:45 Scout Tower
28:46 Scout Tower
28:46 Scout Tower
28:47 Scout Tower
28:48 Scout Tower
28:50 Scout Tower
28:50 Scout Tower
29:08 Guard Tower
29:09 Scout Tower
29:10 Scout Tower
29:10 Scout Tower
29:11 Scout Tower
29:11 Scout Tower
29:12 Scout Tower
29:13 Scout Tower
29:13 Scout Tower
29:14 Scout Tower
29:15 Scout Tower
29:17 Guard Tower
29:44 Scout Tower
29:45 Scout Tower
29:45 Scout Tower
29:45 Scout Tower
29:46 Scout Tower
29:48 Scout Tower
29:50 Guard Tower
29:52 Guard Tower
29:58 Scout Tower
29:58 Scout Tower
29:59 Scout Tower
29:59 Scout Tower
30:00 Scout Tower
30:01 Scout Tower
30:01 Scout Tower
30:02 Scout Tower
30:02 Scout Tower
30:03 Scout Tower
30:03 Scout Tower
30:04 Scout Tower
30:06 Scout Tower
30:07 Scout Tower
30:07 Scout Tower
30:08 Scout Tower
30:08 Scout Tower
30:09 Scout Tower
30:10 Scout Tower
30:11 Scout Tower
30:11 Scout Tower
30:12 Scout Tower
30:17 Guard Tower
30:35 Guard Tower
30:38 Scout Tower
30:38 Scout Tower
30:39 Scout Tower
30:39 Scout Tower
30:40 Scout Tower
30:41 Scout Tower
30:41 Scout Tower
30:42 Scout Tower
30:43 Scout Tower
30:44 Scout Tower
30:45 Scout Tower
30:48 Guard Tower
30:48 Guard Tower
30:54 Scout Tower
30:55 Scout Tower
30:55 Scout Tower
30:56 Scout Tower
30:56 Scout Tower
30:57 Scout Tower
30:57 Scout Tower
30:58 Scout Tower
31:18 Guard Tower
31:18 Scout Tower
31:19 Scout Tower
31:19 Scout Tower
31:20 Scout Tower
31:50 Guard Tower
31:59 Guard Tower
32:00 Scout Tower
32:01 Scout Tower
32:02 Scout Tower
32:02 Scout Tower
32:03 Scout Tower
32:04 Scout Tower
32:09 Guard Tower
32:15 Guard Tower
32:17 Scout Tower
32:18 Scout Tower
32:19 Scout Tower
32:19 Scout Tower
32:20 Scout Tower
32:21 Scout Tower
32:22 Scout Tower
32:22 Scout Tower
32:24 Guard Tower
32:25 Scout Tower
32:25 Scout Tower
32:26 Scout Tower
32:42 Guard Tower
32:43 Guard Tower
32:47 Guard Tower
32:53 Guard Tower
32:54 Guard Tower
32:55 Guard Tower
32:57 Guard Tower
32:57 Guard Tower
33:06 Guard Tower
33:08 Scout Tower
33:09 Scout Tower
33:09 Scout Tower
33:10 Scout Tower
33:11 Scout Tower
33:13 Guard Tower
33:14 Scout Tower
33:16 Scout Tower
33:16 Scout Tower
33:17 Scout Tower
33:18 Scout Tower
33:25 Guard Tower
33:26 Scout Tower
33:27 Scout Tower
33:27 Scout Tower
33:28 Scout Tower
33:29 Scout Tower
33:29 Scout Tower
33:34 Guard Tower
33:36 Scout Tower
33:37 Scout Tower
33:37 Scout Tower
33:38 Scout Tower
33:41 Guard Tower
33:43 Guard Tower
33:44 Guard Tower
33:46 Scout Tower
33:47 Scout Tower
33:47 Scout Tower
33:47 Scout Tower
33:48 Scout Tower
33:48 Scout Tower
34:16 Guard Tower
34:17 Scout Tower
34:18 Scout Tower
34:19 Scout Tower
34:19 Scout Tower
34:20 Scout Tower
34:21 Scout Tower
34:24 Scout Tower
34:25 Scout Tower
34:26 Scout Tower
34:26 Scout Tower
34:27 Scout Tower
34:28 Scout Tower
34:49 Guard Tower
34:51 Guard Tower
34:51 Guard Tower
34:52 Scout Tower
34:53 Scout Tower
34:54 Scout Tower
34:54 Scout Tower
34:55 Scout Tower
35:28 Guard Tower
35:29 Guard Tower
35:30 Guard Tower
35:37 Guard Tower
35:47 Guard Tower
35:49 Scout Tower
35:50 Scout Tower
35:51 Scout Tower
35:51 Scout Tower
35:52 Scout Tower
35:52 Scout Tower
35:57 Guard Tower
36:00 Guard Tower
36:02 Scout Tower
36:02 Scout Tower
36:03 Scout Tower
36:03 Scout Tower
36:04 Scout Tower
36:04 Scout Tower
36:26 Guard Tower
36:29 Scout Tower
36:30 Scout Tower
36:30 Scout Tower
36:31 Scout Tower
36:33 Guard Tower
36:36 Guard Tower
36:37 Guard Tower
36:37 Guard Tower
36:53 Guard Tower
36:57 Guard Tower
37:09 Guard Tower
37:10 Scout Tower
37:11 Scout Tower
37:12 Scout Tower
37:13 Scout Tower
37:14 Scout Tower
37:20 Scout Tower
37:21 Scout Tower
37:22 Scout Tower
37:23 Scout Tower
37:23 Scout Tower
37:24 Scout Tower
37:24 Scout Tower
37:25 Scout Tower
37:25 Scout Tower
37:26 Scout Tower
37:27 Scout Tower
37:27 Scout Tower
37:29 Scout Tower
37:30 Scout Tower
37:30 Scout Tower
37:31 Scout Tower
37:32 Scout Tower
37:33 Scout Tower
37:35 Guard Tower
37:45 Scout Tower
37:46 Scout Tower
37:46 Scout Tower
37:47 Scout Tower
37:47 Scout Tower
37:48 Scout Tower
37:48 Scout Tower
37:49 Scout Tower
37:50 Guard Tower
37:51 Guard Tower
37:54 Scout Tower
37:54 Scout Tower
37:55 Scout Tower
37:56 Scout Tower
37:56 Scout Tower
37:57 Scout Tower
37:57 Scout Tower
37:58 Scout Tower
37:58 Scout Tower
38:00 Scout Tower
38:00 Scout Tower
38:01 Scout Tower
38:03 Guard Tower
38:03 Guard Tower
38:04 Guard Tower
38:04 Guard Tower
38:14 Guard Tower
38:14 Guard Tower
38:25 Guard Tower
38:25 Guard Tower
38:29 Guard Tower
38:29 Guard Tower
38:29 Guard Tower
38:31 Guard Tower
38:31 Guard Tower
38:33 Scout Tower
38:34 Scout Tower
38:34 Scout Tower
38:34 Scout Tower
38:35 Scout Tower
38:35 Scout Tower
38:37 Guard Tower
38:38 Scout Tower
38:39 Scout Tower
38:40 Scout Tower
38:41 Scout Tower
38:41 Scout Tower
38:42 Scout Tower
38:44 Scout Tower
38:45 Scout Tower
38:46 Scout Tower
38:46 Scout Tower
38:47 Guard Tower
39:22 Guard Tower
39:25 Scout Tower
39:25 Scout Tower
39:26 Scout Tower
39:26 Scout Tower
39:26 Scout Tower
39:27 Scout Tower
39:27 Scout Tower
39:28 Scout Tower
39:30 Guard Tower
39:32 Guard Tower
39:37 Guard Tower
39:39 Guard Tower
39:39 Guard Tower
39:42 Scout Tower
39:43 Scout Tower
40:40 Scout Tower
40:41 Scout Tower
40:42 Scout Tower
40:42 Scout Tower
40:43 Scout Tower
40:43 Scout Tower
40:45 Guard Tower
40:47 Scout Tower
40:47 Scout Tower
40:48 Scout Tower
40:52 Scout Tower
40:53 Scout Tower
40:53 Scout Tower
40:55 Scout Tower
40:55 Scout Tower
40:56 Scout Tower
40:57 Scout Tower
40:58 Scout Tower
41:00 Guard Tower
41:01 Guard Tower
41:01 Guard Tower
41:43 Guard Tower
41:45 Guard Tower
41:46 Scout Tower
42:00 Guard Tower
42:03 Guard Tower
42:06 Guard Tower
42:30 Guard Tower
42:34 Lumber Mill
42:46 Guard Tower
42:47 Scout Tower
42:48 Scout Tower
42:49 Scout Tower
42:52 Scout Tower
42:53 Scout Tower
42:54 Scout Tower
42:55 Scout Tower
43:26 Guard Tower
43:36 Guard Tower
43:39 Guard Tower
43:39 Guard Tower
43:56 Guard Tower
44:01 Guard Tower
44:07 Scout Tower
44:07 Scout Tower
44:08 Scout Tower
44:09 Scout Tower
44:09 Scout Tower
44:09 Scout Tower
44:17 Scout Tower
44:18 Scout Tower
44:18 Scout Tower
44:18 Scout Tower
44:51 Scout Tower
44:52 Scout Tower
45:10 Town Hall
45:15 Scout Tower
45:16 Scout Tower
45:16 Scout Tower
45:18 Scout Tower
45:18 Scout Tower
45:19 Scout Tower
45:19 Scout Tower
45:20 Scout Tower
45:24 Scout Tower
45:25 Scout Tower
45:29 Ancient of Wind
45:30 Ancient of Wind
45:40 Guard Tower
45:48 Guard Tower
45:51 Scout Tower
45:51 Scout Tower
45:52 Scout Tower
46:23 Guard Tower
46:25 Scout Tower
46:26 Scout Tower
46:27 Scout Tower
46:27 Scout Tower
47:13 Guard Tower
47:15 Scout Tower
47:16 Scout Tower
47:16 Scout Tower
47:17 Scout Tower
47:18 Scout Tower
47:18 Scout Tower
47:20 Guard Tower
47:22 Scout Tower
47:22 Scout Tower
47:23 Scout Tower
47:24 Scout Tower
47:50 Guard Tower
47:50 Guard Tower
47:50 Guard Tower
48:07 Guard Tower
48:09 Guard Tower
48:10 Guard Tower
48:10 Guard Tower
48:21 Guard Tower
48:46 Guard Tower
48:47 Scout Tower
48:48 Scout Tower
48:49 Scout Tower
48:49 Scout Tower
49:18 Guard Tower
49:20 Scout Tower
49:20 Scout Tower
49:21 Scout Tower
49:21 Scout Tower
50:19 Scout Tower
50:20 Scout Tower
50:21 Scout Tower
50:24 Guard Tower
50:25 Scout Tower
50:26 Scout Tower
50:27 Scout Tower
50:28 Scout Tower
50:28 Scout Tower
50:29 Scout Tower
50:29 Scout Tower
50:41 Guard Tower
50:47 Lumber Mill
50:49 Scout Tower
50:50 Scout Tower
50:50 Scout Tower
50:51 Scout Tower
50:51 Scout Tower
50:52 Scout Tower
50:52 Scout Tower
50:56 Guard Tower
51:24 Altar of Kings
52:07 Scout Tower
52:08 Scout Tower
52:09 Scout Tower
52:09 Scout Tower
52:09 Scout Tower
52:10 Scout Tower
52:14 Guard Tower
52:39 Scout Tower
52:40 Scout Tower
52:40 Scout Tower
52:41 Scout Tower
52:41 Scout Tower
52:42 Scout Tower
52:43 Scout Tower
52:48 Scout Tower
52:49 Scout Tower
52:50 Scout Tower
52:52 Scout Tower
52:57 Guard Tower
52:59 Scout Tower
53:01 Scout Tower
53:02 Scout Tower
53:30 Guard Tower
53:30 Guard Tower
53:31 Guard Tower
53:35 Guard Tower
53:41 Guard Tower
53:42 Scout Tower
53:43 Scout Tower
53:43 Scout Tower
53:44 Scout Tower
53:56 Guard Tower
54:24 Guard Tower
54:25 Scout Tower
54:26 Scout Tower
54:27 Scout Tower
54:27 Scout Tower
54:28 Scout Tower
54:31 Guard Tower
55:07 Scout Tower
55:08 Scout Tower
55:09 Scout Tower
55:09 Scout Tower
55:11 Scout Tower
55:12 Scout Tower
55:12 Scout Tower
55:20 Guard Tower
55:21 Scout Tower
55:21 Scout Tower
55:22 Scout Tower
55:22 Scout Tower
55:24 Guard Tower
55:41 Guard Tower
55:45 Scout Tower
55:46 Scout Tower
55:47 Scout Tower
55:48 Scout Tower
55:51 Scout Tower
55:52 Scout Tower
55:52 Scout Tower
55:53 Scout Tower
55:53 Scout Tower
56:01 Guard Tower
56:04 Scout Tower
56:04 Scout Tower
56:09 Scout Tower
56:10 Scout Tower
56:11 Scout Tower
57:00 Guard Tower
57:01 Scout Tower
57:02 Scout Tower
57:42 Guard Tower
57:43 Scout Tower
57:44 Scout Tower
57:44 Scout Tower
57:48 Guard Tower
58:22 Guard Tower
58:23 Guard Tower
58:25 Guard Tower
58:49 Guard Tower
58:50 Scout Tower
58:52 Scout Tower
58:58 Guard Tower
59:06 Scout Tower
59:07 Scout Tower
59:34 Scout Tower
59:35 Scout Tower
59:36 Scout Tower
59:38 Scout Tower
59:39 Guard Tower
59:41 Guard Tower
60:26 Guard Tower
60:28 Scout Tower
60:29 Scout Tower
60:30 Scout Tower
60:31 Scout Tower
61:08 Scout Tower
61:08 Scout Tower
61:09 Scout Tower
61:10 Scout Tower
61:11 Scout Tower
61:11 Scout Tower
61:13 Guard Tower
61:17 Scout Tower
61:18 Scout Tower
61:19 Scout Tower
61:19 Scout Tower
61:20 Scout Tower
61:21 Scout Tower
61:26 Scout Tower
61:26 Scout Tower
61:27 Scout Tower
61:28 Scout Tower
61:44 Scout Tower
61:45 Scout Tower
61:45 Scout Tower
61:46 Scout Tower
61:47 Scout Tower
61:47 Scout Tower
61:48 Scout Tower
61:49 Scout Tower
61:49 Scout Tower
61:50 Scout Tower
61:51 Scout Tower
62:04 Scout Tower
62:04 Scout Tower
62:05 Scout Tower
62:05 Scout Tower
62:10 Guard Tower
62:13 Guard Tower
62:14 Guard Tower
62:20 Guard Tower
62:22 Guard Tower
62:24 Scout Tower
62:25 Scout Tower
62:25 Scout Tower
62:26 Scout Tower
62:26 Scout Tower
62:27 Scout Tower
62:28 Scout Tower
62:29 Scout Tower
62:29 Scout Tower
62:30 Scout Tower
62:31 Guard Tower
62:32 Guard Tower
62:40 Guard Tower
62:47 Guard Tower
62:52 Guard Tower
62:53 Guard Tower
63:03 Guard Tower
63:03 Guard Tower
63:15 Guard Tower
63:17 Scout Tower
63:18 Scout Tower
63:19 Scout Tower
63:20 Scout Tower
63:46 Guard Tower
63:50 Guard Tower
63:50 Guard Tower
64:39 Guard Tower
64:41 Scout Tower
64:41 Scout Tower
64:42 Scout Tower
64:42 Scout Tower
64:43 Scout Tower
64:43 Scout Tower
64:45 Guard Tower
64:48 Scout Tower
64:49 Scout Tower
64:49 Scout Tower
64:50 Scout Tower
64:51 Scout Tower
64:51 Scout Tower
64:52 Scout Tower
64:53 Scout Tower
64:55 Scout Tower
65:24 Guard Tower
65:28 Scout Tower
65:30 Scout Tower
65:31 Scout Tower
65:33 Scout Tower
65:34 Scout Tower
65:37 Scout Tower
65:37 Scout Tower
65:39 Scout Tower
65:40 Scout Tower
65:40 Scout Tower
65:45 Guard Tower
65:47 Guard Tower
65:49 Guard Tower
65:49 Guard Tower
65:49 Guard Tower
66:22 Guard Tower
66:36 Guard Tower
66:45 Guard Tower
66:48 Guard Tower
67:18 Guard Tower
67:22 Scout Tower
67:23 Scout Tower
67:30 Scout Tower
67:31 Scout Tower
67:32 Scout Tower
67:32 Scout Tower
67:33 Guard Tower
67:35 Guard Tower
67:35 Guard Tower
67:36 Guard Tower
67:38 Scout Tower
67:39 Scout Tower
67:39 Scout Tower
67:40 Scout Tower
67:40 Scout Tower
67:42 Scout Tower
67:45 Scout Tower
67:45 Scout Tower
67:46 Scout Tower
67:47 Scout Tower
67:47 Scout Tower
67:48 Scout Tower
67:49 Scout Tower
67:49 Scout Tower
67:58 Guard Tower
68:56 Guard Tower
69:32 Guard Tower
69:33 Scout Tower
69:34 Scout Tower
69:34 Scout Tower
69:35 Scout Tower
69:35 Scout Tower
69:36 Scout Tower
69:38 Scout Tower
69:39 Scout Tower
69:40 Scout Tower
69:41 Scout Tower
69:42 Scout Tower
69:42 Scout Tower
69:43 Scout Tower
69:44 Scout Tower
69:48 Scout Tower
69:49 Scout Tower
69:49 Scout Tower
69:50 Scout Tower
69:56 Town Hall
70:16 Guard Tower
70:20 Guard Tower
70:25 Scout Tower
70:26 Scout Tower
70:27 Scout Tower
70:27 Scout Tower
71:14 Scout Tower
71:16 Scout Tower
71:17 Scout Tower
71:18 Scout Tower
71:19 Scout Tower
71:19 Scout Tower
71:20 Scout Tower
71:20 Scout Tower
71:43 Guard Tower
71:45 Scout Tower
72:11 Guard Tower
72:12 Guard Tower
72:23 Scout Tower
72:24 Scout Tower
72:24 Scout Tower
72:25 Scout Tower
72:26 Scout Tower
72:27 Scout Tower
72:28 Guard Tower
72:28 Guard Tower
72:31 Guard Tower
72:32 Scout Tower
72:33 Scout Tower
72:33 Scout Tower
72:34 Scout Tower
72:34 Scout Tower
72:35 Scout Tower
72:36 Scout Tower
72:37 Scout Tower
72:37 Scout Tower
72:38 Scout Tower
72:40 Guard Tower
72:43 Guard Tower
72:54 Guard Tower
72:55 Scout Tower
72:56 Scout Tower
72:56 Scout Tower
72:57 Scout Tower
72:57 Scout Tower
72:58 Scout Tower
72:59 Scout Tower
72:59 Guard Tower
73:00 Guard Tower
73:09 Guard Tower
73:21 Lumber Mill
73:25 Scout Tower
73:26 Scout Tower
73:26 Scout Tower
73:27 Scout Tower
73:28 Scout Tower
73:29 Scout Tower
73:29 Scout Tower
73:30 Scout Tower
73:30 Scout Tower
73:31 Scout Tower
74:09 Guard Tower
74:21 Guard Tower
74:23 Guard Tower
74:26 Guard Tower
74:46 Scout Tower
74:48 Scout Tower
74:48 Scout Tower
74:48 Scout Tower
74:49 Scout Tower
74:50 Scout Tower
74:51 Scout Tower
74:53 Scout Tower
74:53 Scout Tower
74:55 Scout Tower
74:55 Scout Tower
74:55 Scout Tower
74:56 Scout Tower
74:57 Scout Tower
74:58 Scout Tower
74:58 Scout Tower
75:02 Guard Tower
75:09 Scout Tower
75:10 Scout Tower
75:11 Scout Tower
75:12 Scout Tower
75:12 Scout Tower
75:13 Scout Tower
75:15 Guard Tower
75:31 Guard Tower
76:04 Guard Tower
76:04 Guard Tower
76:06 Guard Tower
76:13 Guard Tower
76:15 Scout Tower
76:16 Scout Tower
76:17 Scout Tower
76:17 Scout Tower
76:38 Guard Tower
76:40 Guard Tower
76:41 Guard Tower
76:41 Guard Tower
76:41 Guard Tower
76:42 Guard Tower
76:42 Guard Tower
76:56 Guard Tower
77:23 Scout Tower
77:24 Scout Tower
77:24 Scout Tower
77:25 Scout Tower
77:26 Guard Tower
78:49 Guard Tower
78:52 Scout Tower
78:53 Scout Tower
78:54 Scout Tower
78:55 Scout Tower
78:57 Scout Tower
78:58 Scout Tower
78:59 Scout Tower
78:59 Scout Tower
79:00 Scout Tower
79:00 Scout Tower
79:01 Scout Tower
79:02 Scout Tower
79:02 Scout Tower
79:03 Scout Tower
79:03 Scout Tower
79:36 Guard Tower
79:38 Scout Tower
79:38 Scout Tower
79:39 Scout Tower
79:39 Scout Tower
79:40 Scout Tower
79:41 Scout Tower
79:42 Scout Tower
79:43 Scout Tower
79:45 Guard Tower
79:46 Scout Tower
79:46 Scout Tower
79:47 Scout Tower
79:47 Scout Tower
79:48 Scout Tower
79:49 Scout Tower
79:51 Scout Tower
79:51 Scout Tower
79:56 Guard Tower
79:57 Scout Tower
79:58 Scout Tower
79:59 Scout Tower
80:00 Scout Tower
80:00 Scout Tower
80:01 Scout Tower
80:15 Scout Tower
80:16 Scout Tower
80:16 Scout Tower
80:18 Scout Tower
80:19 Scout Tower
80:20 Scout Tower
80:21 Scout Tower
80:21 Scout Tower
80:22 Scout Tower
80:22 Scout Tower
80:23 Scout Tower
80:24 Scout Tower
80:24 Scout Tower
80:25 Scout Tower
80:25 Scout Tower
80:26 Scout Tower
80:26 Scout Tower
80:28 Scout Tower
80:44 Guard Tower
80:45 Scout Tower
80:45 Scout Tower
80:46 Scout Tower
80:47 Scout Tower
80:48 Guard Tower
81:01 Scout Tower
81:02 Scout Tower
81:02 Scout Tower
81:03 Scout Tower
81:04 Scout Tower
81:04 Scout Tower
81:05 Scout Tower
81:06 Scout Tower
81:06 Scout Tower
81:07 Scout Tower
81:08 Scout Tower
81:09 Scout Tower
81:09 Scout Tower
81:10 Scout Tower
81:23 Guard Tower
81:44 Guard Tower
81:56 Guard Tower
81:56 Guard Tower
81:56 Guard Tower
82:30 Guard Tower
82:58 Guard Tower
83:09 Lumber Mill
83:15 Guard Tower
83:35 Guard Tower
83:45 Lumber Mill
84:00 Guard Tower
84:01 Guard Tower
84:06 Arcane Tower
84:06 Arcane Tower
84:07 Arcane Tower
84:11 Arcane Tower
84:11 Arcane Tower
84:11 Arcane Tower
84:50 Guard Tower
84:53 Guard Tower
» items
| Staff of Sanctuary | 3 | |
| Sobi Mask | 1 | |
| Orb of Lightning | 3 | |
| Belt of Giant Strength +6 | 2 | |
| Runed Bracers | 2 | |
| Robe of the Magi +6 | 1 | |
| The Lion Horn of Stormwind | 1 | |
13 total
Birdeneering (
pink | 142 APM | 12085 actions | 85:02)
8 Mountain King
3 Storm Bolt
3 Bash
1 Avatar
1 Thunder Clap
6 Paladin
3 Holy Light
3 Divine Shield
5 Pandaren Brewmaster
3 Breath of Fire
1 Drunken Haze
1 Drunken Brawler
» actions
| Assign group hotkey | 559 | |
| Basic commands | 35 | |
| Build / train | 262 | |
| Enter build submenu | 237 | |
| Enter hero's abilities submenu | 19 | |
| Give item / drop item | 9 | |
| Right click | 6140 | |
| Select / deselect | 1090 | |
| Select group hotkey | 2787 | |
| Use ability | 947 | |
12085 total
» units
| Peasant | 73 | |
| Footman | 2 | |
| Goblin Zeppelin | 1 | |
76 total
» upgrades
| Masonry | 3 | |
| Lumber Harvesting | 2 | |
| Magic Sentry | 1 | |
| Backpack | 1 | |
7 total
» buildings
| Altar of Kings | 1 | |
| Farm | 6 | |
| Lumber Mill | 3 | |
| Scout Tower | 439 | |
| Arcane Tower | 10 | |
| Guard Tower | 107 | |
| Keep | 1 | |
| Arcane Sanctum | 1 | |
| Castle | 1 | |
| Arcane Vault | 3 | |
| Barracks | 1 | |
| Town Hall | 4 | |
577 total
» build order
00:09 Altar of Kings
00:20 Farm
00:43 Farm
00:49 Lumber Mill
01:35 Scout Tower
01:42 Farm
01:48 Scout Tower
01:55 Scout Tower
02:02 Arcane Tower
02:16 Scout Tower
02:21 Scout Tower
02:39 Arcane Tower
02:41 Arcane Tower
03:14 Guard Tower
03:16 Scout Tower
03:17 Scout Tower
03:20 Guard Tower
03:21 Scout Tower
03:52 Guard Tower
03:54 Scout Tower
04:42 Guard Tower
04:43 Scout Tower
04:50 Guard Tower
04:52 Scout Tower
04:53 Scout Tower
04:53 Scout Tower
04:54 Scout Tower
05:16 Guard Tower
05:17 Scout Tower
06:09 Guard Tower
06:10 Scout Tower
06:10 Keep
06:19 Guard Tower
06:21 Scout Tower
06:37 Guard Tower
06:39 Scout Tower
06:40 Scout Tower
07:14 Arcane Tower
07:15 Guard Tower
07:20 Farm
07:47 Guard Tower
07:48 Scout Tower
07:49 Scout Tower
07:53 Scout Tower
07:54 Scout Tower
08:50 Guard Tower
08:51 Scout Tower
08:57 Scout Tower
08:58 Scout Tower
09:02 Arcane Sanctum
09:55 Guard Tower
09:57 Scout Tower
09:57 Scout Tower
10:03 Scout Tower
10:03 Scout Tower
10:04 Scout Tower
10:04 Scout Tower
10:05 Scout Tower
10:05 Scout Tower
11:38 Guard Tower
11:41 Scout Tower
11:41 Scout Tower
11:43 Castle
11:45 Farm
12:18 Farm
12:26 Scout Tower
12:27 Scout Tower
12:27 Scout Tower
12:27 Scout Tower
12:29 Scout Tower
12:33 Scout Tower
12:33 Scout Tower
12:34 Guard Tower
12:48 Scout Tower
12:52 Guard Tower
12:54 Guard Tower
13:36 Guard Tower
14:18 Scout Tower
14:19 Scout Tower
14:33 Guard Tower
14:57 Scout Tower
15:15 Scout Tower
15:31 Guard Tower
15:48 Guard Tower
15:49 Scout Tower
15:51 Scout Tower
15:51 Scout Tower
16:03 Scout Tower
16:29 Guard Tower
16:34 Arcane Vault
16:38 Scout Tower
16:44 Guard Tower
16:45 Scout Tower
17:14 Guard Tower
17:15 Scout Tower
17:16 Scout Tower
17:39 Scout Tower
17:57 Guard Tower
18:11 Guard Tower
18:12 Scout Tower
18:14 Scout Tower
18:30 Scout Tower
18:30 Scout Tower
18:48 Guard Tower
18:48 Scout Tower
18:58 Guard Tower
19:18 Scout Tower
19:37 Guard Tower
19:42 Scout Tower
19:51 Guard Tower
19:59 Scout Tower
20:10 Scout Tower
21:01 Scout Tower
21:02 Scout Tower
21:07 Scout Tower
21:11 Lumber Mill
21:17 Arcane Tower
21:54 Scout Tower
22:44 Scout Tower
22:44 Scout Tower
22:45 Guard Tower
22:47 Guard Tower
22:49 Scout Tower
22:49 Scout Tower
22:51 Scout Tower
22:56 Arcane Vault
23:00 Scout Tower
23:02 Scout Tower
23:02 Scout Tower
23:03 Scout Tower
23:27 Scout Tower
23:28 Scout Tower
23:29 Scout Tower
23:29 Scout Tower
23:53 Guard Tower
23:56 Arcane Vault
23:57 Scout Tower
23:57 Scout Tower
24:07 Arcane Tower
25:03 Guard Tower
25:05 Scout Tower
25:09 Scout Tower
25:09 Scout Tower
25:17 Scout Tower
25:18 Scout Tower
25:20 Guard Tower
25:21 Scout Tower
25:22 Scout Tower
26:08 Guard Tower
26:10 Scout Tower
26:10 Scout Tower
26:34 Guard Tower
26:52 Guard Tower
27:04 Guard Tower
27:05 Scout Tower
27:17 Scout Tower
27:18 Scout Tower
27:56 Guard Tower
28:34 Lumber Mill
29:48 Scout Tower
29:49 Scout Tower
29:50 Scout Tower
30:54 Scout Tower
30:54 Scout Tower
31:33 Guard Tower
31:48 Scout Tower
32:23 Guard Tower
32:26 Scout Tower
32:26 Scout Tower
32:28 Guard Tower
32:37 Scout Tower
32:38 Guard Tower
32:39 Scout Tower
32:43 Scout Tower
33:04 Guard Tower
33:13 Scout Tower
33:13 Scout Tower
33:14 Scout Tower
33:14 Scout Tower
33:16 Guard Tower
33:25 Scout Tower
33:26 Scout Tower
33:30 Guard Tower
34:10 Guard Tower
34:30 Scout Tower
35:03 Guard Tower
38:01 Scout Tower
38:02 Scout Tower
38:03 Scout Tower
38:03 Scout Tower
38:04 Scout Tower
38:05 Scout Tower
38:40 Scout Tower
38:40 Scout Tower
38:48 Scout Tower
39:02 Guard Tower
39:18 Guard Tower
39:20 Scout Tower
39:36 Barracks
39:42 Guard Tower
39:58 Guard Tower
40:30 Guard Tower
40:59 Scout Tower
41:02 Guard Tower
41:03 Scout Tower
41:20 Guard Tower
41:24 Scout Tower
41:25 Scout Tower
41:34 Guard Tower
41:37 Scout Tower
41:37 Scout Tower
41:37 Scout Tower
41:38 Scout Tower
41:39 Scout Tower
41:39 Scout Tower
41:40 Scout Tower
41:44 Scout Tower
41:45 Scout Tower
44:21 Guard Tower
44:22 Scout Tower
44:23 Scout Tower
44:29 Scout Tower
44:29 Scout Tower
44:30 Scout Tower
44:30 Scout Tower
44:31 Scout Tower
45:41 Guard Tower
45:43 Scout Tower
45:43 Scout Tower
45:44 Scout Tower
45:44 Scout Tower
46:20 Guard Tower
47:43 Guard Tower
48:47 Scout Tower
48:48 Scout Tower
50:27 Town Hall
50:34 Guard Tower
50:38 Scout Tower
50:40 Scout Tower
50:40 Scout Tower
50:41 Scout Tower
50:41 Scout Tower
50:42 Scout Tower
50:42 Scout Tower
50:43 Scout Tower
50:43 Scout Tower
50:44 Scout Tower
52:05 Guard Tower
52:11 Scout Tower
52:12 Scout Tower
52:12 Scout Tower
52:14 Scout Tower
52:14 Scout Tower
52:15 Scout Tower
52:16 Scout Tower
52:16 Scout Tower
52:17 Scout Tower
52:18 Scout Tower
54:48 Guard Tower
54:50 Scout Tower
54:51 Scout Tower
54:51 Scout Tower
54:52 Scout Tower
54:52 Scout Tower
54:53 Scout Tower
54:54 Scout Tower
54:55 Scout Tower
56:30 Guard Tower
58:11 Guard Tower
58:15 Scout Tower
58:16 Scout Tower
58:17 Scout Tower
58:17 Scout Tower
58:18 Scout Tower
58:18 Scout Tower
58:20 Guard Tower
58:22 Scout Tower
58:23 Scout Tower
58:23 Scout Tower
58:24 Scout Tower
58:24 Scout Tower
58:25 Scout Tower
59:04 Guard Tower
59:23 Guard Tower
60:14 Guard Tower
60:26 Scout Tower
60:27 Scout Tower
60:28 Scout Tower
60:29 Scout Tower
60:30 Scout Tower
60:30 Scout Tower
60:31 Scout Tower
60:31 Scout Tower
60:33 Guard Tower
60:38 Town Hall
61:03 Guard Tower
61:04 Scout Tower
61:06 Scout Tower
61:06 Scout Tower
61:07 Scout Tower
61:08 Scout Tower
61:09 Scout Tower
61:50 Guard Tower
61:52 Scout Tower
61:53 Scout Tower
61:54 Scout Tower
62:07 Scout Tower
62:08 Scout Tower
62:09 Scout Tower
62:10 Scout Tower
62:10 Scout Tower
62:10 Scout Tower
62:15 Scout Tower
62:16 Scout Tower
62:16 Scout Tower
62:17 Scout Tower
63:12 Guard Tower
63:16 Scout Tower
65:08 Town Hall
65:10 Scout Tower
65:11 Scout Tower
65:12 Scout Tower
65:13 Scout Tower
65:15 Scout Tower
65:15 Scout Tower
65:40 Guard Tower
65:43 Scout Tower
65:44 Scout Tower
65:45 Scout Tower
65:45 Scout Tower
65:46 Scout Tower
66:07 Guard Tower
66:08 Scout Tower
66:10 Scout Tower
66:10 Scout Tower
66:11 Scout Tower
66:21 Arcane Tower
66:39 Scout Tower
66:40 Scout Tower
66:41 Scout Tower
66:42 Scout Tower
67:29 Arcane Tower
67:31 Scout Tower
67:33 Scout Tower
67:33 Scout Tower
67:34 Scout Tower
67:34 Scout Tower
67:35 Scout Tower
67:53 Guard Tower
67:56 Scout Tower
67:57 Scout Tower
67:58 Scout Tower
68:00 Guard Tower
68:02 Scout Tower
68:04 Scout Tower
68:05 Scout Tower
68:06 Scout Tower
68:08 Guard Tower
68:27 Guard Tower
68:29 Scout Tower
68:30 Scout Tower
68:44 Arcane Tower
69:00 Scout Tower
69:39 Guard Tower
69:44 Scout Tower
69:45 Scout Tower
70:44 Guard Tower
70:47 Guard Tower
70:49 Scout Tower
70:50 Scout Tower
70:53 Scout Tower
71:36 Guard Tower
71:38 Scout Tower
71:38 Scout Tower
71:39 Scout Tower
71:40 Scout Tower
71:40 Scout Tower
71:41 Scout Tower
71:41 Scout Tower
71:42 Scout Tower
71:43 Scout Tower
71:43 Scout Tower
72:04 Guard Tower
72:06 Scout Tower
72:06 Scout Tower
72:08 Guard Tower
72:11 Scout Tower
72:12 Scout Tower
72:13 Scout Tower
72:14 Scout Tower
72:17 Scout Tower
72:17 Scout Tower
72:18 Scout Tower
72:18 Scout Tower
74:09 Guard Tower
74:11 Scout Tower
74:12 Scout Tower
74:12 Scout Tower
74:13 Scout Tower
74:13 Scout Tower
74:15 Scout Tower
75:42 Guard Tower
75:44 Scout Tower
75:46 Scout Tower
75:47 Scout Tower
76:17 Scout Tower
76:18 Scout Tower
76:18 Scout Tower
76:19 Scout Tower
76:22 Scout Tower
76:22 Scout Tower
76:23 Scout Tower
76:25 Scout Tower
76:33 Scout Tower
76:34 Scout Tower
76:35 Scout Tower
76:36 Scout Tower
76:36 Scout Tower
76:36 Scout Tower
76:56 Guard Tower
77:01 Scout Tower
77:02 Scout Tower
77:02 Scout Tower
77:04 Scout Tower
77:05 Scout Tower
77:06 Scout Tower
77:06 Scout Tower
77:07 Scout Tower
77:08 Scout Tower
77:08 Scout Tower
77:09 Scout Tower
77:09 Scout Tower
77:10 Scout Tower
77:11 Scout Tower
77:12 Scout Tower
77:13 Scout Tower
77:14 Scout Tower
77:17 Scout Tower
77:18 Scout Tower
77:19 Scout Tower
77:19 Scout Tower
77:21 Scout Tower
77:22 Scout Tower
77:23 Scout Tower
77:23 Scout Tower
77:24 Scout Tower
77:24 Scout Tower
77:25 Scout Tower
77:26 Scout Tower
77:26 Scout Tower
77:27 Scout Tower
77:28 Scout Tower
77:28 Scout Tower
77:29 Scout Tower
77:30 Scout Tower
77:30 Scout Tower
77:30 Scout Tower
77:33 Guard Tower
77:35 Arcane Tower
77:50 Guard Tower
78:02 Guard Tower
78:04 Scout Tower
78:05 Scout Tower
78:06 Scout Tower
78:06 Scout Tower
78:07 Scout Tower
78:07 Scout Tower
78:08 Scout Tower
78:09 Scout Tower
78:09 Scout Tower
78:10 Scout Tower
78:11 Guard Tower
78:13 Scout Tower
78:13 Scout Tower
78:14 Scout Tower
78:14 Scout Tower
78:15 Scout Tower
78:15 Scout Tower
78:18 Scout Tower
78:19 Scout Tower
78:20 Scout Tower
78:46 Guard Tower
78:49 Guard Tower
79:12 Guard Tower
79:14 Town Hall
79:25 Guard Tower
80:04 Guard Tower
80:09 Guard Tower
80:14 Scout Tower
80:14 Scout Tower
80:15 Scout Tower
80:15 Scout Tower
80:16 Scout Tower
80:17 Scout Tower
80:18 Scout Tower
80:19 Scout Tower
80:48 Guard Tower
81:15 Guard Tower
81:17 Guard Tower
81:46 Guard Tower
81:51 Guard Tower
81:56 Guard Tower
81:57 Guard Tower
82:01 Scout Tower
82:02 Scout Tower
82:02 Scout Tower
82:03 Scout Tower
82:04 Scout Tower
82:04 Scout Tower
82:06 Scout Tower
82:07 Scout Tower
82:08 Scout Tower
82:08 Scout Tower
82:43 Guard Tower
82:45 Scout Tower
82:46 Scout Tower
82:47 Scout Tower
82:47 Scout Tower
83:15 Scout Tower
83:16 Scout Tower
83:18 Scout Tower
83:19 Scout Tower
83:22 Scout Tower
83:23 Scout Tower
83:24 Scout Tower
83:25 Scout Tower
83:28 Scout Tower
83:29 Scout Tower
83:30 Scout Tower
83:31 Scout Tower
83:32 Scout Tower
83:34 Scout Tower
83:35 Scout Tower
83:37 Scout Tower
83:39 Scout Tower
83:40 Scout Tower
83:41 Scout Tower
83:42 Scout Tower
83:43 Scout Tower
83:44 Scout Tower
83:45 Scout Tower
83:46 Scout Tower
83:47 Scout Tower
83:48 Scout Tower
83:49 Scout Tower
83:50 Scout Tower
83:51 Scout Tower
83:52 Scout Tower
83:53 Scout Tower
83:54 Scout Tower
83:55 Scout Tower
84:02 Scout Tower
84:04 Scout Tower
84:05 Scout Tower
84:06 Scout Tower
84:08 Scout Tower
84:09 Scout Tower
84:10 Scout Tower
84:11 Scout Tower
84:12 Scout Tower
84:13 Scout Tower
84:14 Scout Tower
84:18 Scout Tower
84:21 Scout Tower
84:23 Scout Tower
84:24 Scout Tower
84:26 Scout Tower
84:27 Scout Tower
84:29 Scout Tower
84:32 Scout Tower
84:33 Scout Tower
84:36 Scout Tower
85:00 Scout Tower
85:00 Scout Tower
85:02 Scout Tower
85:02 Scout Tower
» items
| Healing Salve | 1 | |
| Lesser Clarity Potion | 7 | |
| Staff of Sanctuary | 3 | |
| Scroll of Town Portal | 8 | |
| Orb of Lightning | 3 | |
| Inferno Stone | 1 | |
| Mana Stone | 2 | |
| Ankh of Reincarnation | 4 | |
| Healing Wards | 1 | |
| Boots of Quel'Thalas +6 | 1 | |
| Health Stone | 1 | |
| Scroll of Regeneration | 1 | |
| Belt of Giant Strength +6 | 1 | |
| Potion of Divinity | 1 | |
| Scroll of Resurrection | 1 | |
| Robe of the Magi +6 | 1 | |
37 total
iNT]DOGANDHORSE (
orange | 150 APM | 12744 actions | 85:03)
8 Blademaster
3 Wind Walk
3 Critical Strike
1 Bladestorm
1 Mirror Image
6 Tauren Chieftain
3 Shockwave
2 Endurance Aura
1 Reincarnation
6 Pandaren Brewmaster
3 Breath of Fire
2 Drunken Haze
1 Storm Earth and Fire
» actions
| Assign group hotkey | 50 | |
| Basic commands | 33 | |
| Build / train | 222 | |
| Enter build submenu | 48 | |
| Enter hero's abilities submenu | 20 | |
| Give item / drop item | 8 | |
| Remove unit from queue | 1 | |
| Right click | 8358 | |
| Select / deselect | 1446 | |
| Select group hotkey | 1533 | |
| Use ability | 1024 | |
12744 total
» units
| Peon | 10 | |
| Troll Batrider | 93 | |
| Goblin Shredder | 1 | |
| Goblin Zeppelin | 1 | |
105 total
» upgrades
| Liquid Fire | 1 | |
| Ranged Weapons | 3 | |
| Armor | 3 | |
| Reinforced Defenses | 1 | |
| Ensnare | 1 | |
| Troll Regeneration | 1 | |
10 total
» buildings
| Altar of Storms | 1 | |
| Orc Burrow | 7 | |
| War Mill | 2 | |
| Voodoo Lounge | 4 | |
| Watch Tower | 36 | |
| Stronghold | 2 | |
| Beastiary | 4 | |
| Fortress | 1 | |
| Great Hall | 1 | |
| Barracks | 1 | |
| Moon Well | 2 | |
61 total
» build order
00:16 Altar of Storms
00:18 Orc Burrow
00:54 War Mill
01:17 Voodoo Lounge
02:06 Watch Tower
02:31 Watch Tower
03:16 Watch Tower
03:18 Orc Burrow
03:25 Watch Tower
03:36 Watch Tower
04:42 Watch Tower
04:43 Stronghold
04:43 Stronghold
04:46 Watch Tower
05:32 Orc Burrow
06:14 Orc Burrow
06:19 Watch Tower
06:29 Watch Tower
07:08 Beastiary
07:09 Beastiary
07:48 Watch Tower
07:50 Fortress
08:04 Watch Tower
08:06 Watch Tower
08:15 Beastiary
08:58 Orc Burrow
09:00 Orc Burrow
09:14 Watch Tower
10:47 Watch Tower
15:05 Voodoo Lounge
15:05 Voodoo Lounge
15:29 Beastiary
16:30 Voodoo Lounge
27:24 Orc Burrow
29:02 War Mill
33:16 Watch Tower
33:17 Watch Tower
33:17 Watch Tower
33:18 Watch Tower
33:19 Watch Tower
33:20 Watch Tower
33:20 Watch Tower
33:21 Watch Tower
33:24 Watch Tower
33:27 Watch Tower
33:28 Watch Tower
33:28 Watch Tower
33:29 Watch Tower
33:29 Watch Tower
33:30 Watch Tower
44:04 Watch Tower
44:05 Watch Tower
44:05 Watch Tower
44:06 Watch Tower
44:07 Watch Tower
44:07 Watch Tower
46:41 Great Hall
53:30 Watch Tower
63:14 Barracks
72:55 Moon Well
74:19 Moon Well
» items
| Healing Salve | 8 | |
| Lesser Clarity Potion | 42 | |
| Orb of Lightning | 3 | |
| Scroll of Town Portal | 6 | |
| Boots of Quel'Thalas +6 | 2 | |
| Staff of Sanctuary | 3 | |
| Inferno Stone | 2 | |
| Runed Bracers | 2 | |
| Scourge Bone Chimes | 1 | |
| Sobi Mask | 1 | |
| Belt of Giant Strength +6 | 1 | |
71 total
Chat log
(62:50 / All) MiniioN: u are germans right? :)
(62:58 / All) backintheUSSR: NEIN
(63:08 / All) TheLasTGrunt: yea on germans can be retarded like this
(63:15 / All) iNT]DOGANDHORSE: USA
(63:19 / All) Birdeneering: why can't u kill
(63:20 / All) Birdeneering: 1 tower??
(63:21 / All) MiniioN: only germans have pations to play this
(63:34 / All) MiniioN: or yep USA they are always been pussyyys
(63:37 / All) iNT]DOGANDHORSE: lol
(63:40 / All) iNT]DOGANDHORSE: i'm canada actually....
(63:43 / All) TheLasTGrunt: Go 1x1 idiots?
(63:48 / All) backintheUSSR: ok meet U there
(63:50 / All) iNT]DOGANDHORSE: LOL
(63:54 / All) iNT]DOGANDHORSE: you surrender??
(63:56 / All) MiniioN: well probably not canada, they are not idiots : ): P
(64:00 / All) MiniioN: usa or germans
(64:03 / All) iNT]DOGANDHORSE: i'm in toronto righ tnow...
(64:31 / All) TheLasTGrunt: u seriously need life
(64:46 / All) iNT]DOGANDHORSE: hey dogg
(64:49 / All) iNT]DOGANDHORSE: we both playing a video gam
(64:51 / All) iNT]DOGANDHORSE: e
(65:04 / All) TheLasTGrunt: no lifers ;P
(65:06 / All) iNT]DOGANDHORSE: ?????
(65:12 / All) iNT]DOGANDHORSE: same game??
(65:27 / All) Birdeneering: why are you in this game
(65:39 / All) TheLasTGrunt: cuz friends ask me
(65:45 / All) TheLasTGrunt: i dont play retarded games like this
(65:48 / All) iNT]DOGANDHORSE: LOL
(65:49 / All) Birdeneering: yes you are
(65:52 / All) Birdeneering: you are playing it right now
(66:00 / All) Birdeneering: you will play exactly as long as us
(66:03 / All) Birdeneering: except you'll lose
(66:10 / All) TheLasTGrunt: go 1x1 after this
(66:13 / All) iNT]DOGANDHORSE: after you lose
(66:14 / All) iNT]DOGANDHORSE: ok
(66:15 / All) TheLasTGrunt: u would even kill 1 of my units
(66:17 / All) iNT]DOGANDHORSE: LOL
(66:18 / All) iNT]DOGANDHORSE: LOL!!!
(66:19 / All) iNT]DOGANDHORSE: ok
(66:20 / All) MiniioN: but tell pls do you have idea how to win this game ?
(66:22 / All) iNT]DOGANDHORSE: yes
(66:24 / All) iNT]DOGANDHORSE: make you quirt
(66:25 / All) iNT]DOGANDHORSE: quit
(66:35 / All) TheLasTGrunt: bunch of idiots
(66:38 / All) iNT]DOGANDHORSE: hhohoho
(66:43 / All) MiniioN: not gona happen, i have a loooot time
(66:51 / All) Birdeneering: is what they all say
(66:59 / All) Birdeneering: you'll quit.
(67:00 / All) TheLasTGrunt: nah
(67:03 / All) TheLasTGrunt: all i can say
(67:09 / All) TheLasTGrunt: wish your all family to get cancer
(67:11 / All) TheLasTGrunt: and die
(67:15 / All) MiniioN: I'll not quit trust me, i can go to sleep but i'll not quit this game
(67:15 / All) TheLasTGrunt: and u watch that =)
(67:16 / All) Birdeneering: you'll quit.
(67:43 / All) Birdeneering: bye
(67:44 / All) iNT]DOGANDHORSE: lol
(67:44 / All) iNT]DOGANDHORSE: lol
(67:45 / All) iNT]DOGANDHORSE: Lol
(67:46 / All) iNT]DOGANDHORSE: Lol
(67:47 / All) iNT]DOGANDHORSE: LOL
(67:48 / All) iNT]DOGANDHORSE: lol
(67:48 / All) iNT]DOGANDHORSE: hehe
(67:49 / All) Birdeneering: they all quit.
(68:09 / All) iNT]DOGANDHORSE: undead stays of course
(68:11 / All) Birdeneering: did you like this game?
(68:14 / All) Birdeneering: why had a great time
(68:20 / All) Birdeneering: we had a great time
(68:22 / All) MiniioN: U cant imagino how much
(68:25 / All) Birdeneering: one of our best games tonight
(68:32 / All) iNT]DOGANDHORSE: i never lose this map
(68:35 / All) Birdeneering: now you're alone
(68:37 / All) backintheUSSR: cya
(68:37 / All) iNT]DOGANDHORSE: thanks for keepign my record perfect
(68:37 / All) backintheUSSR: cya
(68:38 / All) backintheUSSR: cya
(68:39 / All) backintheUSSR: cua
(68:40 / All) iNT]DOGANDHORSE: bow
(68:40 / All) backintheUSSR: cya
(68:40 / All) iNT]DOGANDHORSE: bow
(68:41 / All) iNT]DOGANDHORSE: bow
(68:41 / All) backintheUSSR: cya
(68:41 / All) iNT]DOGANDHORSE: bow
(68:42 / All) iNT]DOGANDHORSE: bow
(68:43 / All) iNT]DOGANDHORSE: bow to us
(68:44 / All) backintheUSSR: cya
(68:45 / All) backintheUSSR: cya
(68:45 / All) iNT]DOGANDHORSE: kiss our feet
(68:46 / All) backintheUSSR: cya
(68:46 / All) iNT]DOGANDHORSE: bow
(68:47 / All) backintheUSSR: cya
(68:47 / All) iNT]DOGANDHORSE: bow
(68:48 / All) iNT]DOGANDHORSE: bow
(68:49 / All) iNT]DOGANDHORSE: bow
(68:50 / All) iNT]DOGANDHORSE: kiss them
(68:51 / All) iNT]DOGANDHORSE: yum
(68:54 / All) iNT]DOGANDHORSE: *slurp*
(69:27 / All) Birdeneering: tp next time noob
(69:29 / All) iNT]DOGANDHORSE: lol!
(69:32 / All) iNT]DOGANDHORSE: gj
(69:39 / All) MiniioN: why i have enough gold
(69:41 / All) iNT]DOGANDHORSE: hehe
(69:45 / All) MiniioN: to get them from tawern
(69:53 / All) Birdeneering: not forever
(69:57 / All) Birdeneering: you'll run out
(70:08 / All) Birdeneering: you'll quiot
(70:17 / All) MiniioN: nope we can lose but not quit
(70:26 / All) Birdeneering: your friends already quit
(70:27 / All) MiniioN: U spend enough time of my life, i'll do same to you
(70:31 / All) MiniioN: so : )
(70:33 / All) iNT]DOGANDHORSE: well
(70:33 / All) backintheUSSR: ill stay in game
(70:34 / All) backintheUSSR: for a week
(70:36 / All) Birdeneering: except we'll have a great time
(70:36 / All) iNT]DOGANDHORSE: enjoy spending a long time losing
(70:38 / All) Birdeneering: you're just angry
(70:39 / All) backintheUSSR: and play on useast instead retard
(70:41 / All) iNT]DOGANDHORSE: wel'll enjoy our 2 hour win
(70:56 / All) MiniioN: i'm going to sleep
(70:59 / All) iNT]DOGANDHORSE: lol
(70:59 / All) iNT]DOGANDHORSE: ok
(71:01 / All) MiniioN: Cya in some game
(71:01 / All) Birdeneering: no you're not
(71:02 / All) iNT]DOGANDHORSE: i'll clean up themn
(71:03 / All) MiniioN: Mybe
(71:04 / All) Birdeneering: you're staying in here
(71:06 / All) backintheUSSR: hope you don't feel like playing when you wake up
(71:08 / All) Birdeneering: to try to kill us
(71:22 / All) Birdeneering: imagine
(71:27 / All) Birdeneering: if you only knew how to kill 1 tower
(71:32 / All) Birdeneering: our ally drops we still win np
(73:50 / All) iNT]DOGANDHORSE: angry mainmassing
(73:50 / All) iNT]DOGANDHORSE: lol
(74:28 / All) MiniioN: Not angry at all, but why easy, just few before i go to sleep
(74:31 / All) iNT]DOGANDHORSE: lol
(74:34 / All) backintheUSSR: he he he
(74:35 / All) iNT]DOGANDHORSE: from?
(74:39 / All) MiniioN: serbia
(74:44 / All) iNT]DOGANDHORSE: LOL
(74:49 / All) Birdeneering: what a shithole
(74:52 / All) iNT]DOGANDHORSE: what's it like being from one of the worst countries in the world
(74:59 / All) iNT]DOGANDHORSE: the only worse places are a few things in africa
(75:01 / All) iNT]DOGANDHORSE: pure filth
(75:09 / All) MiniioN: U been here that you know it's worst?
(75:16 / All) iNT]DOGANDHORSE: why would i ever go to serbia
(75:20 / All) iNT]DOGANDHORSE: fucking disgusting
(75:21 / All) Birdeneering: I know how many thousands of serbians flee to my country
(75:25 / All) Birdeneering: because theirs is so shit
(75:30 / All) Birdeneering: anyone with half a brain leaves
(76:16 / All) MiniioN: Mybe we dont have money, everything what we want to have, stupid parents to pay that shits, but some things you'll never be
(76:19 / All) MiniioN: able to understand
(76:24 / All) iNT]DOGANDHORSE: lol?
(76:30 / All) iNT]DOGANDHORSE: what?
(76:47 / All) Birdeneering: can you even speak English? nope you can't even kill a tower lmao
(78:11 / All) iNT]DOGANDHORSE: lmao
(81:41 / All) iNT]DOGANDHORSE: lmao
(82:19 / All) Birdeneering: hiding mains
(82:33 / All) Birdeneering: one more item to the list of things serbia is dogshit at
(82:51 / All) iNT]DOGANDHORSE: lol
(83:29 / All) iNT]DOGANDHORSE: gg
(83:31 / All) iNT]DOGANDHORSE: clan towa #1
(83:33 / All) iNT]DOGANDHORSE: http://highper.ch
(83:51 / All) backintheUSSR: GG NOOB!~!!!!
(84:06 / All) MiniioN: ooooo biiiig letters
(84:12 / All) iNT]DOGANDHORSE: mad about losing?
(84:14 / All) MiniioN: someone is angry?
(84:16 / All) iNT]DOGANDHORSE: or mad about living in garbage country
(84:18 / All) MiniioN: nope not at all
(84:25 / All) iNT]DOGANDHORSE: lol
(84:37 / All) MiniioN: nope, proude with my country
(84:39 / All) iNT]DOGANDHORSE: lol
(84:42 / All) iNT]DOGANDHORSE: it's fucking awful
(84:48 / All) iNT]DOGANDHORSE: #300 UN quality of life index
(84:49 / All) Birdeneering: *throws his adidas trainers and gold chain to the ground in disgust*
(84:55 / All) MiniioN: so ?
(84:56 / All) iNT]DOGANDHORSE: GG
(84:58 / All) iNT]DOGANDHORSE: owned shitlord
(84:59 / All) backintheUSSR: GG
(85:00 / All) backintheUSSR: GG
(85:01 / All) backintheUSSR: GG
(85:01 / All) backintheUSSR: GG
(85:02 / All) backintheUSSR: GG